 Dungeon Crawl Stone Soup version 0.22-a0-414-gacd343e (webtiles) character file.

46 mrtriscuit the Sneak (level 3, 0/28 HPs)
             Began as a Human Assassin on May 13, 2018.
             Succumbed to an adder's poison
             ... on level 2 of the Dungeon on May 14, 2018.
             The game lasted 00:17:25 (2028 turns).

mrtriscuit the Sneak (Human Assassin)               Turns: 2028, Time: 00:17:26

Health: 0/28       AC:  3    Str: 11    XL:     3   Next: 92%
Magic:  3/3        EV: 12    Int: 11    God:
Gold:   54         SH:  0    Dex: 15    Spells: 2/2 levels left

rFire    . . .     SeeInvis .   a - +2 dagger
rCold    . . .     Gourm    .   (no shield)
rNeg     . . .     Faith    .   c - +0 robe
rPois    .         Spirit   .   (no helmet)
rElec    .         Reflect  .   d - +0 cloak
rCorr    .         Harm     .   (no gloves)
MR       .....                  (no boots)
Stlth    +++.......             (no amulet)
HPRegen  0.09/turn              (no ring)
MPRegen  0.08/turn              (no ring)

@: lethally poisoned (0 -> -7)
A: no striking features
a: no special abilities


You were on level 2 of the Dungeon.
You were not hungry.

You visited 1 branch of the dungeon, and saw 2 of its levels.

You collected 54 gold pieces.

Inventory:

Hand Weapons
 a - a +2 dagger (weapon)
 b - a +0 blowgun
 i - a +0 dagger
 j - a +0 club
 n - a +0 club
 p - a +0 club
 q - a +0 short sword
 s - a +0 hunting sling
 w - a +0 club
 x - a +0 club
Missiles
 e - 9 poisoned needles (quivered)
 f - 2 curare-tipped needles
 h - 88 stones
 l - 6 tomahawks
 m - 8 needles of frenzy
 r - 7 javelins
 v - 16 arrows
Armour
 c - a +0 robe (worn)
 d - a +0 cloak (worn)
 k - a +0 ring mail
 o - a +0 pair of boots
 t - a +0 plate armour
Comestibles
 g - a ration
 z - 5 chunks of flesh


   Skills:
 + Level 2.3 Fighting
 + Level 2.4 Short Blades
 + Level 2.5 Throwing
 + Level 1.5 Dodging
 * Level 4.3 Stealth


You had 2 spell levels left.
You didn't know any spells.
Your spell library was empty.

Dungeon Overview and Level Annotations

Branches:
Dungeon (2/15)

Altars:


Message History

You kill the adder!
* * * LOW HITPOINT WARNING * * *
You feel sick.
You aren't carrying any pieces of jewellery.
Unknown command.
You aren't carrying any potions.
You are lethally poisoned (3 -> -6).
Your movement speed is average.
Your attack speed is above average.
You are not religious.
You are not religious.
There is a lethal amount of poison in your body!
As you read the scroll labeled MAWEINW YMUDEBB, it crumbles to dust.
It is a scroll of identify.
o - a +0 pair of boots
* * * LOW HITPOINT WARNING * * *
You feel sick.
Unknown command.
* * * LOW HITPOINT WARNING * * *
You feel sick.
You die...

#....>....... #..#.#.#
#.(# #......### ...
#.......<# ... #...†#####
.. ####.# #.## #.# ..#
####.#############.####g..
#..............@..........
#......############.###...
#......# ..# #......# #.#
######## .# .# #


There were no monsters in sight!

Vanquished Creatures
  An adder (D:2)
  An ooze (D:1)
  4 leopard geckos
  5 bats (D:1)
  3 giant cockroaches (D:1)
  2 goblins (D:1)
  3 hobgoblins (D:1)
  5 jackals
  A rat (D:1)
25 creatures vanquished.

Notes
Turn   | Place    | Note
-------+----------+-------------------------------------------
     0 | D:1      | mrtriscuit the Human Assassin began the quest for the Orb.
     0 | D:1      | Reached XP level 1. HP: 16/16 MP: 1/1
   388 | D:1      | Reached XP level 2. HP: 16/22 MP: 2/2
   930 | D:1      | Reached XP level 3. HP: 27/27 MP: 3/3
  2027 | D:2      | HP: 1/28 [poisoned by an adder]
  2028 | D:2      | Succumbed to an adder's poison

Vault maps used:
D:1:      dpeg_arrival_signposts
D:2:      nicolae_overflow_crystal_walls,
          chequers_ecumenical_altar_simple_redux, kennysheep_pointless_box,
          minmay_rat_gold_closets, uniq_jessica

Action                   || total
-------------------------++-------
Melee: Dagger            ||    71
 Fire: Blowgun           ||    33
  Use: Scroll            ||     2
 Stab: Sleeping          ||     1
  Eat: Ration            ||     1
Armor: Robe              ||    26
Dodge: Dodged            ||    66

Table legend:
 A = Spawn XP
 B = Non-spawn XP
 C = Spawn XP percentage of total XP
 D = Spawn monster count
 E = Non-spawn monster count
 F = Spawn count percentage of total count
 G = Total turns spent on level
                    A         B        C        D         E        F      G
               +---------+---------+-------+---------+---------+-------+---------
         Total |       0 |      66 |   0.0 |       0 |      25 |   0.0 |  2028
               +---------+---------+-------+---------+---------+-------+---------
           D:1 |       0 |      46 |   0.0 |       0 |      21 |   0.0 |  1932
           D:2 |       0 |      20 |   0.0 |       0 |       4 |   0.0 |    96
               +---------+---------+-------+---------+---------+-------+---------
